MLB
HOUSTON ASTROS @ CHICAGO (A) WHITE SOX
03/30/2042
 
TOP OF THE 1ST
Houston Astros batting - Pitching for Chicago (A) White Sox : LHP Wes Hill
Pitching: LHP Wes Hill
Batting: RHB Ethan Sutton 0-0: Ball
1-0: Fly out, F9 (Flyball, 9S, EV 82.5 MPH)
Batting: RHB Cam Crouch 0-0: Ball
1-0: Foul Ball, location: 3SF
1-1: Ball
2-1: Ball
3-1: Fly out, F3 (Popup, 3L, EV 81.9 MPH)
Batting: RHB Adrián Juárez 0-0: Ball
1-0: Ball
2-0: Foul Ball, location: 23F
2-1: Fly out, F8 (Flyball, 78D, EV 111.3 MPH)
Top of the 1st over - 0 runs, 0 hits, 0 errors, 0 left on base; Houston 0 - Chicago (A) 0
BOTTOM OF THE 1ST
Chicago (A) White Sox batting - Pitching for Houston Astros : RHP Ted Valéncia
Pitching: RHP Ted Valéncia
Batting: RHB Bob Parks 0-0: Ball
1-0: Swinging Strike
1-1: Ball
2-1: Ground out 5-3 (Groundball, 56, EV 101.9 MPH)
Batting: LHB Jesús Benavidez 0-0: Swinging Strike
0-1: Ball
1-1: Fly out, F7 (Flyball, 7D, EV 96.9 MPH)
Batting: LHB Stan Waters 0-0: Swinging Strike
0-1: Ground out 6-3 (Groundball, 4, EV 87.5 MPH)
Bottom of the 1st over - 0 runs, 0 hits, 0 errors, 0 left on base; Houston 0 - Chicago (A) 0
TOP OF THE 2ND
Houston Astros batting - Pitching for Chicago (A) White Sox : LHP Wes Hill
Batting: RHB Ángelo Guzmán 0-0: Foul Ball, location: 25FF
0-1: Swinging Strike
0-2: Ball
1-2: Foul Ball, location: 2LF
1-2: Ball
2-2: Foul Ball, location: 7LMF
2-2: Ground out 5-3 (Groundball, 56, EV 85.6 MPH)
Batting: RHB José Mercado 0-0: Called Strike
0-1: SINGLE (Line Drive, 56D, EV 95.6 MPH)
Batting: LHB José Robles 0-0: Ball
1-0: Ball
2-0: Ball
3-0: Foul Ball, location: 2F
3-1: Grounds into double play, 4-6-3 (Groundball, 4M, EV 108.1 MPH)
Top of the 2nd over - 0 runs, 1 hit, 0 errors, 0 left on base; Houston 0 - Chicago (A) 0
BOTTOM OF THE 2ND
Chicago (A) White Sox batting - Pitching for Houston Astros : RHP Ted Valéncia
Batting: RHB Mal Williamson 0-0: Ball
1-0: Ball
2-0: Ball
3-0: Called Strike
3-1: Called Strike
3-2: Fly out, F9 (Flyball, 89M, EV 91.9 MPH)
Batting: LHB Juan Carlos Jiménez 0-0: Called Strike
0-1: Ball
1-1: Swinging Strike
1-2: Ball
2-2: Foul Ball, location: 2F
2-2: Ball
3-2: Strikes out swinging
Batting: RHB Jake Thomas 0-0: Ball
1-0: DOUBLE (Line Drive, 78M, EV 93.8 MPH)
Batting: RHB Jon Heath 0-0: Called Strike
0-1: Fly out, F6 (Line Drive, 6, EV 67.5 MPH)
Bottom of the 2nd over - 0 runs, 1 hit, 0 errors, 1 left on base; Houston 0 - Chicago (A) 0
TOP OF THE 3RD
Houston Astros batting - Pitching for Chicago (A) White Sox : LHP Wes Hill
Batting: RHB Tim O'Kinsella 0-0: Ball
1-0: Swinging Strike
1-1: Called Strike
1-2: Foul Ball, location: 2F
1-2: SINGLE (Line Drive, 7S, EV 103.8 MPH)
Batting: RHB António Garza 0-0: Ball
Wild Pitch!
Tim O'Kinsella to second
1-0: Fly out, F8 (Flyball, 8LS, EV 91.9 MPH)
Batting: RHB Manny Castillo 0-0: Ball
1-0: Ball
2-0: Foul Ball, location: 3DF
2-1: Ball
3-1: Base on Balls
Batting: RHB Ethan Sutton 0-0: Grounds into double play, 6-4-3 (Groundball, 6, EV 87.5 MPH)
Top of the 3rd over - 0 runs, 1 hit, 0 errors, 1 left on base; Houston 0 - Chicago (A) 0
BOTTOM OF THE 3RD
Chicago (A) White Sox batting - Pitching for Houston Astros : RHP Ted Valéncia
Batting: RHB César Otero 0-0: Called Strike
0-1: Swinging Strike
0-2: Fly out, F9 (Line Drive, 9, EV 108.8 MPH)
Batting: RHB Greg Wright 0-0: Ball
1-0: Ball
2-0: Called Strike
2-1: Called Strike
2-2: Ground out 1-3 (Groundball, 34S, EV 66.9 MPH)
Batting: RHB Bob Parks 0-0: Ball
1-0: Ball
2-0: Called Strike
2-1: Foul Ball, location: 25FF
2-2: SINGLE (Line Drive, 6M, EV 101.9 MPH)
Batting: LHB Jesús Benavidez 0-0: Ball
Bob Parks steals 2nd base
1-0: Ball
2-0: Ball
3-0: Base on Balls
Batting: LHB Stan Waters 0-0: Called Strike
0-1: Foul Ball, location: 9LSFF
0-2: Fly out, F7 (Flyball, 7LM, EV 106.3 MPH)
Bottom of the 3rd over - 0 runs, 1 hit, 0 errors, 2 left on base; Houston 0 - Chicago (A) 0
TOP OF THE 4TH
Houston Astros batting - Pitching for Chicago (A) White Sox : LHP Wes Hill
Batting: RHB Cam Crouch 0-0: Ball
1-0: Foul Ball, location: 3F
1-1: Ball
2-1: Fly out, F4 (Popup, 34S, EV 78.1 MPH)
Batting: RHB Adrián Juárez 0-0: Ball
1-0: Foul Ball, location: 5FF
1-1: Ball
2-1: Called Strike
2-2: Ground out U3 (Groundball, 3S, EV 62.5 MPH)
Batting: RHB Ángelo Guzmán 0-0: Ball
1-0: Foul Ball, location: 5F
1-1: Ball
2-1: Foul Ball, location: 2F
2-2: Foul Ball, location: 5F
2-2: Strikes out swinging
Top of the 4th over - 0 runs, 0 hits, 0 errors, 0 left on base; Houston 0 - Chicago (A) 0
BOTTOM OF THE 4TH
Chicago (A) White Sox batting - Pitching for Houston Astros : RHP Ted Valéncia
Batting: RHB Mal Williamson 0-0: Foul Ball, location: 9LSF
0-1: Swinging Strike
0-2: Strikes out looking
Batting: LHB Juan Carlos Jiménez 0-0: Foul Ball, location: 9LSF
0-1: Foul Ball, location: 2F
0-2: Ground out 4-3 (Groundball, 34, EV 101.3 MPH)
Batting: RHB Jake Thomas 0-0: Called Strike
0-1: Ball
1-1: Foul Ball, location: 2F
1-2: Fly out, F9 (Flyball, 9LM, EV 101.9 MPH)
Bottom of the 4th over - 0 runs, 0 hits, 0 errors, 0 left on base; Houston 0 - Chicago (A) 0
TOP OF THE 5TH
Houston Astros batting - Pitching for Chicago (A) White Sox : LHP Wes Hill
Batting: RHB José Mercado 0-0: Ball
1-0: Foul Ball, location: 5SF
1-1: Foul Ball, location: 23FF
1-2: Ball
2-2: Fly out, F8 (Flyball, 8LXD, EV 98.8 MPH)
Batting: LHB José Robles 0-0: Foul Ball, location: 2F
0-1: Called Strike
0-2: Strikes out looking
Batting: RHB Tim O'Kinsella 0-0: Ball
1-0: Ball
2-0: Foul Ball, location: 2F
2-1: Fly out, F9 (Flyball, 89D, EV 83.1 MPH)
Top of the 5th over - 0 runs, 0 hits, 0 errors, 0 left on base; Houston 0 - Chicago (A) 0
BOTTOM OF THE 5TH
Chicago (A) White Sox batting - Pitching for Houston Astros : RHP Ted Valéncia
Batting: RHB Jon Heath 0-0: Ball
1-0: Called Strike
1-1: Ground out 4-3 (Groundball, 34, EV 86.9 MPH)
Batting: RHB César Otero 0-0: Swinging Strike
0-1: Called Strike
0-2: Fly out, F3 (Popup, 23F, EV 94.4 MPH)
Batting: RHB Greg Wright 0-0: Ball
1-0: Called Strike
1-1: SINGLE (Groundball, 4MD, EV 102.5 MPH)
Batting: RHB Bob Parks 0-0: Ball
1-0: Called Strike
1-1: SINGLE (Line Drive, 56D, EV 99.4 MPH)
Greg Wright to second
Batting: LHB Jesús Benavidez 0-0: Ball
1-0: Ground out 4-3 (Groundball, 34D, EV 96.9 MPH)
Bottom of the 5th over - 0 runs, 2 hits, 0 errors, 2 left on base; Houston 0 - Chicago (A) 0
TOP OF THE 6TH
Houston Astros batting - Pitching for Chicago (A) White Sox : LHP Wes Hill
Batting: RHB António Garza 0-0: Ball
1-0: Ball
2-0: Swinging Strike
2-1: Ball
3-1: Foul Ball, location: 5F
3-2: Foul Ball, location: 3DF
3-2: Strikes out swinging
Batting: RHB Manny Castillo 0-0: Swinging Strike
0-1: Foul Ball, location: 9LMF
0-2: Ball
1-2: Strikes out swinging
Batting: RHB Ethan Sutton 0-0: Ball
1-0: Foul Ball, location: 2F
1-1: Swinging Strike
1-2: Fly out, F8 (Flyball, 8LM, EV 97.5 MPH)
Top of the 6th over - 0 runs, 0 hits, 0 errors, 0 left on base; Houston 0 - Chicago (A) 0
BOTTOM OF THE 6TH
Chicago (A) White Sox batting - Pitching for Houston Astros : RHP Ted Valéncia
Batting: LHB Stan Waters 0-0: Called Strike
0-1: Ball
1-1: Ball
2-1: Ball
3-1: Foul Ball, location: 2F
3-2: Foul Ball, location: 7LSF
3-2: Foul Ball, location: 7LDF
3-2: Base on Balls
Batting: RHB Mal Williamson 0-0: Foul Ball, location: 9LSF
0-1: Grounds into double play, 5-4-3 (Groundball, 56, EV 103.8 MPH)
Batting: LHB Juan Carlos Jiménez 0-0: Called Strike
0-1: Foul Ball, location: 23F
0-2: Foul Ball, location: 9LDF
0-2: Ball
1-2: SINGLE (Groundball, 56D, EV 103.8 MPH) (infield hit)
Batting: RHB Jake Thomas 0-0: Ball
1-0: Called Strike
Juan Carlos Jiménez steals 2nd base
1-1: DOUBLE (Line Drive, 89D, EV 105.6 MPH)
Juan Carlos Jiménez scores
Batting: RHB Jon Heath 0-0: Called Strike
0-1: Foul Ball, location: 5F
0-2: Ball
1-2: Foul Ball, location: 9LDF
1-2: Foul Ball, location: 3F
1-2: Ball
2-2: SINGLE (Line Drive, 78S, EV 88.1 MPH)
Jake Thomas to third
Runner from 3rd tries for Home, SAFE, throw by LF to home
Pitching: RHP Gilberto García
Batting: RHB César Otero 0-0: Ball
1-0: Fielders Choice at 2nd, 5-4 (Groundball, 56, EV 84.4 MPH)
Bottom of the 6th over - 2 runs, 3 hits, 0 errors, 1 left on base; Houston 0 - Chicago (A) 2
TOP OF THE 7TH
Houston Astros batting - Pitching for Chicago (A) White Sox : LHP Wes Hill
Batting: RHB Cam Crouch 0-0: Ball
1-0: Ball
2-0: Called Strike
2-1: Ground out 3-1 (Groundball, 34, EV 102.5 MPH)
Batting: RHB Adrián Juárez 0-0: Called Strike
0-1: Ball
1-1: Foul Ball, location: 5F
1-2: Ground out U3 (Groundball, 34, EV 111.3 MPH)
Batting: RHB Ángelo Guzmán 0-0: Swinging Strike
0-1: Foul Ball, location: 25FF
0-2: Ball
1-2: Foul Ball, location: 2F
1-2: Ground out 6-3 (Groundball, 6, EV 103.8 MPH)
Top of the 7th over - 0 runs, 0 hits, 0 errors, 0 left on base; Houston 0 - Chicago (A) 2
BOTTOM OF THE 7TH
Chicago (A) White Sox batting - Pitching for Houston Astros : RHP Gilberto García
Batting: RHB Greg Wright 0-0: Swinging Strike
0-1: Fly out, F9 (Flyball, 9D, EV 86.3 MPH)
Batting: RHB Bob Parks 0-0: Ground out 5-3 (Groundball, 25, EV 71.9 MPH)
Batting: LHB Jesús Benavidez 0-0: Fly out, F2 (Popup, 25F, EV 88.1 MPH)
Bottom of the 7th over - 0 runs, 0 hits, 0 errors, 0 left on base; Houston 0 - Chicago (A) 2
TOP OF THE 8TH
Houston Astros batting - Pitching for Chicago (A) White Sox : LHP Wes Hill
Batting: RHB José Mercado 0-0: Foul Ball, location: 23F
0-1: Foul Ball, location: 2F
0-2: Ball
1-2: Foul Ball, location: 23F
1-2: Ball
2-2: Ball
3-2: Foul Ball, location: 2F
3-2: Foul Ball, location: 2F
3-2: Fly out, F8 (Flyball, 8LM, EV 88.1 MPH)
Pinch Hitting: RHB José Archuleta 0-0: Ball
1-0: Called Strike
1-1: Swinging Strike
1-2: Fly out, F5 (Line Drive, 56, EV 64.4 MPH)
Batting: RHB Tim O'Kinsella 0-0: Fly out, F8 (Flyball, 89M, EV 75.6 MPH)
Top of the 8th over - 0 runs, 0 hits, 0 errors, 0 left on base; Houston 0 - Chicago (A) 2
BOTTOM OF THE 8TH
Chicago (A) White Sox batting - Pitching for Houston Astros : RHP Gilberto García
Now in RF: José Archuleta
Batting: LHB Stan Waters 0-0: Ball
1-0: Foul Ball, location: 3FF
1-1: Ball
2-1: Called Strike
2-2: Ball
3-2: Strikes out looking
Batting: RHB Mal Williamson 0-0: Called Strike
0-1: DOUBLE (Flyball, 78XD, EV 99.4 MPH)
Batting: LHB Juan Carlos Jiménez 0-0: Foul Ball, location: 25FF
0-1: Called Strike
0-2: Ball
1-2: Strikes out swinging
Batting: RHB Jake Thomas 0-0: Ball
1-0: Foul Ball, location: 2F
1-1: Swinging Strike
1-2: Ball
2-2: Foul Ball, location: 5F
2-2: SINGLE (Groundball, 4MD, EV 107.5 MPH)
Mal Williamson to third
Runner from 3rd tries for Home, SAFE, throw by CF to home
Batting: RHB Jon Heath 0-0: Ball
1-0: Ball
2-0: Fly out, F6 (Line Drive, 6, EV 68.8 MPH)
Bottom of the 8th over - 1 run, 2 hits, 0 errors, 1 left on base; Houston 0 - Chicago (A) 3
TOP OF THE 9TH
Houston Astros batting - Pitching for Chicago (A) White Sox : LHP Wes Hill
Batting: RHB António Garza 0-0: Swinging Strike
0-1: Ball
1-1: Ground out 6-3 (Groundball, 6, EV 92.5 MPH)
Batting: RHB Manny Castillo 0-0: Called Strike
0-1: Called Strike
0-2: Strikes out swinging
Batting: RHB Ethan Sutton 0-0: Foul Ball, location: 9LSF
0-1: Called Strike
0-2: Fly out, F8 (Flyball, 8RM, EV 87.5 MPH)
Top of the 9th over - 0 runs, 0 hits, 0 errors, 0 left on base; Houston 0 - Chicago (A) 3
Friday, May 3rd , 2024 - OOTP Baseball 24.10 Build 82